 Dungeon Sprint DCSS version 0.27.1-33-g824d729ab1 (webtiles) character file.

Game seed: 17010528199304006708

445 Hipnos the Prestidigitator (level 7, 0/57 HPs)
             Began as a Gnoll Artificer on Nov 29, 2021.
             Was an Initiate of Okawaru.
             Slain by a slime creature (14 damage)
             ... in the Dungeon (Sprint I: "Red Sonja").
             The game lasted 00:03:30 (1236 turns).

Hipnos the Prestidigitator (Gnoll Artificer)        Turns: 1236, Time: 00:03:31

Health: 0/57       AC:  4    Str: 13    XL:     7   Next: 3%
Magic:  14/14      EV: 14    Int: 10    God:    Okawaru [......]
Gold:   305        SH:  0    Dex: 13    Spells: 16/16 levels left

rFire    . . .     SeeInvis .   o - +0 scythe
rCold    . . .     Faith    .   (shield currently unavailable)
rNeg     . . .     Spirit   .   n - +2 robe {Will+}
rPois    .         Reflect  .   (no helmet)
rElec    .         Harm     .   (no cloak)
rCorr    .         Rampage  .   (no gloves)
Will     +....     NoTele   +   (no boots)
Stlth    +++.......             (no amulet)
HPRegen  0.19/turn              (no ring)
MPRegen  0.14/turn              (no ring)

@: no status effects
A: fangs 1, strong nose, distributed training
a: Renounce Religion


You were in the Dungeon.
You worshipped Okawaru.
Okawaru was noncommittal.
You visited 1 branch You collected 305 gold pieces.

Inventory:

Hand Weapons
 a - a +0 club
 m - a +0 dagger
 o - a +0 scythe (weapon)
Armour
 b - a +0 leather armour
 l - a +0 ring mail
 n - a +2 robe of willpower (worn)
Wands
 d - a wand of charming (15)
Scrolls
 k - a scroll of blinking
Potions
 f - 2 potions of curing
 h - a potion of haste
 i - 2 potions of magic
 j - a potion of lignification {unknown}
Miscellaneous
 e - a piece from Xom's chessboard (14/15) (quivered)


   Skills:
 + Level 5.7 Fighting
 + Level 5.1 Short Blades
 + Level 5.1 Long Blades
 + Level 5.1 Axes
 + Level 5.1 Maces & Flails
 + Level 5.1 Polearms
 + Level 5.1 Staves
 + Level 5.1 Slings
 + Level 5.1 Bows
 + Level 5.1 Crossbows
 + Level 5.1 Throwing
 + Level 6.9 Armour
 + Level 5.7 Dodging
 + Level 5.6 Stealth
 + Level 5.1 Shields
 + Level 5.1 Unarmed Combat
 + Level 5.1 Spellcasting
 + Level 4.2 Conjurations
 + Level 4.2 Hexes
 + Level 4.2 Summonings
 + Level 4.2 Necromancy
 + Level 4.2 Translocations
 + Level 4.2 Transmutations
 + Level 4.2 Fire Magic
 + Level 4.2 Ice Magic
 + Level 4.2 Air Magic
 + Level 4.2 Earth Magic
 + Level 4.2 Poison Magic
 + Level 5.6 Invocations
 + Level 8.4 Evocations


You had 16 spell levels left.
You didn't know any spells.
Your spell library was empty.

Dungeon Overview and Level Annotations

Branches:
Dungeon (1/1)

Altars:
Cheibriados
Dithmenos
Elyvilon
Fedhas
Gozag
Hepliaklqana
Kikubaaqudgha
Makhleb
Nemelex Xobeh
Okawaru
Qazlal
Ru
Sif Muna
Trog
Uskayaw
Vehumet
Wu Jian
Xom
Yredelemnul
Zin
The Shining One
Jiyva
Lugonu

Shops:
D !


Innate Abilities, Weirdness & Mutations

You have very sharp teeth.
Your uncanny sense of smell can sniff out nearby items.
Your experience applies equally to all skills.


Message History

HP restored.
There is an open door, spattered with blood here.
You see here a yak skeleton.
There is a shimmering blue altar of Sif Muna here.
You open the door.
Found a leather armour.
There is an open door here.
You see here a +0 leather armour.
There is an open door here.
There is a shimmering blue altar of Sif Muna here.
There is an open door here.
You see here a +0 leather armour.
There is an open door here.
There is a shimmering blue altar of Sif Muna here.
You see here 30 stones.
There is an open door here.
You open the door.
A slime creature comes into view.
Found four altars.
You make a move on Xom's chessboard...
The slime creature seems to slow down.
There is an open door here.
You hit the slime creature.
The slime creature is lightly wounded.
The slime creature hits you!
You slash the slime creature!
You bite the slime creature, but do no damage.
The slime creature is lightly wounded.
The slime creature hits you! x2
* * * LOW HITPOINT WARNING * * *
You feel better.
Okay, then.
There is an open door here.
You slash the slime creature! You bite the slime creature.
The slime creature is moderately wounded.
The slime creature hits you!
* * * LOW HITPOINT WARNING * * *
You barely miss the slime creature.
The slime creature is moderately wounded.
The slime creature hits you!
You die...

###################
#<.#..'..#.@J..#__#∆∆
#..)..#..'..#..'..+∆∆
#..#####'#####'#__#
#..####..#...#(####∆∆
#..#__####..##.# ∆
#..#_____##'#_.+
#⌠⌠#_.∩...÷..._# ∆
####_..__##_.#'#
∆∆#_____###+#[#∆∆∆∆


You could see a slime creature (slow).

Vanquished Creatures
  Sigmund (D)
  A yak (D)
  An ogre (D)
  A jelly (D)
  Ijyb (D)
5 creatures vanquished.

Notes
Turn   | Place    | Note
-------+----------+-------------------------------------------
     0 | D        | Hipnos the Gnoll Artificer began the quest for the Orb.
     0 | D        | Reached XP level 1. HP: 17/17 MP: 1/1
     2 | D        | Noticed Ijyb
    12 | D        | Killed Ijyb
    13 | D        | Reached skill level 1 in Short Blades
    13 | D        | Reached skill level 1 in Long Blades
    13 | D        | Reached skill level 1 in Axes
    13 | D        | Reached skill level 1 in Maces & Flails
    13 | D        | Reached skill level 1 in Polearms
    13 | D        | Reached skill level 1 in Staves
    13 | D        | Reached skill level 1 in Slings
    13 | D        | Reached skill level 1 in Bows
    13 | D        | Reached skill level 1 in Crossbows
    13 | D        | Reached skill level 1 in Throwing
    13 | D        | Reached skill level 1 in Shields
    13 | D        | Reached skill level 1 in Unarmed Combat
    13 | D        | Reached skill level 1 in Spellcasting
    13 | D        | Reached skill level 1 in Conjurations
    13 | D        | Reached skill level 1 in Hexes
    13 | D        | Reached skill level 1 in Summonings
    13 | D        | Reached skill level 1 in Necromancy
    13 | D        | Reached skill level 1 in Translocations
    13 | D        | Reached skill level 1 in Transmutations
    13 | D        | Reached skill level 1 in Fire Magic
    13 | D        | Reached skill level 1 in Ice Magic
    13 | D        | Reached skill level 1 in Air Magic
    13 | D        | Reached skill level 1 in Earth Magic
    13 | D        | Reached skill level 1 in Poison Magic
    13 | D        | Reached skill level 1 in Invocations
    13 | D        | Reached XP level 2. HP: 7/24 MP: 1/4
   713 | D        | Noticed an ogre
   722 | D        | Killed an ogre
   723 | D        | Reached skill level 5 in Armour
   723 | D        | Reached skill level 7 in Evocations
   723 | D        | Reached XP level 3. HP: 16/30 MP: 4/7
   723 | D        | Reached XP level 4. HP: 20/37 MP: 4/8
   862 | D        | Noticed Sigmund
   867 | D        | Killed Sigmund
   868 | D        | Reached skill level 5 in Fighting
   868 | D        | Reached skill level 5 in Dodging
   868 | D        | Reached XP level 5. HP: 44/44 MP: 8/11
   868 | D        | Reached XP level 6. HP: 51/51 MP: 8/12
   902 | D        | Found an ornate altar of the Wu Jian Council.
   902 | D        | Found a shimmering blue altar of Sif Muna.
   904 | D        | Found a radiant altar of Vehumet.
   909 | D        | Reached skill level 5 in Stealth
   909 | D        | Reached skill level 8 in Evocations
   933 | D        | Found Quer's Distillery.
   933 | D        | Found an ancient bone altar of Kikubaaqudgha.
   933 | D        | Found a hazy altar of Hepliaklqana.
   933 | D        | Found a stormy altar of Qazlal.
   933 | D        | Found a hide-covered altar of Uskayaw.
   933 | D        | Found a blossoming altar of Fedhas.
   933 | D        | Found a bloodstained altar of Trog.
   933 | D        | Found an iron altar of Okawaru.
   933 | D        | Found a basalt altar of Yredelemnul.
   933 | D        | Found a glowing golden altar of the Shining One.
   933 | D        | Found a snail-covered altar of Cheibriados.
   933 | D        | Found a sacrificial altar of Ru.
   933 | D        | Found a glowing silver altar of Zin.
   933 | D        | Found a shadowy altar of Dithmenos.
   933 | D        | Found a white marble altar of Elyvilon.
   933 | D        | Noticed a yak
   934 | D        | Found an opulent altar of Gozag.
   947 | D        | Killed a yak
   948 | D        | Reached skill level 5 in Short Blades
   948 | D        | Reached skill level 5 in Long Blades
   948 | D        | Reached skill level 5 in Axes
   948 | D        | Reached skill level 5 in Maces & Flails
   948 | D        | Reached skill level 5 in Polearms
   948 | D        | Reached skill level 5 in Staves
   948 | D        | Reached skill level 5 in Slings
   948 | D        | Reached skill level 5 in Bows
   948 | D        | Reached skill level 5 in Crossbows
   948 | D        | Reached skill level 5 in Throwing
   948 | D        | Reached skill level 5 in Shields
   948 | D        | Reached skill level 5 in Unarmed Combat
   948 | D        | Reached skill level 5 in Spellcasting
   948 | D        | Reached skill level 5 in Invocations
   948 | D        | Reached XP level 7. HP: 8/57 MP: 12/14
  1162 | D        | Found a sparkling altar of Nemelex Xobeh.
  1167 | D        | Became a worshipper of Warmaster Okawaru
  1225 | D        | Found a burning altar of Makhleb.
  1225 | D        | Found a viscous altar of Jiyva.
  1225 | D        | Found a shimmering altar of Xom.
  1225 | D        | Found a corrupted altar of Lugonu.
  1225 | D        | Noticed a slime creature
  1236 | D        | Slain by a slime creature

Illustrated notes

Levels and vault maps discovered:
D:        dungeon_sprint_1 [red_sonja_temple_1, red_sonja_temple_small_1]

Skill      XL: |  1  2  3  4  5  6 |
---------------+-------------------+-----
Fighting       | 3 4 5 |  5.7
Short Blades   | 1 3 4 5 |  5.1
Long Blades    | 1 3 4 5 |  5.1
Axes           | 1 3 4 5 |  5.1
Maces & Flails | 1 3 4 5 |  5.1
Polearms       | 1 3 4 5 |  5.1
Staves         | 1 3 4 5 |  5.1
Slings         | 1 3 4 5 |  5.1
Bows           | 1 3 4 5 |  5.1
Crossbows      | 1 3 4 5 |  5.1
Throwing       | 1 3 4 5 |  5.1
Dodging        | 3 4 5 |  5.7
Shields        | 1 3 4 5 |  5.1
Unarmed Combat | 1 3 4 5 |  5.1
Spellcasting   | 1 3 4 5 |  5.1
Conjurations   | 1 2 3 4 |  4.2
Hexes          | 1 2 3 4 |  4.2
Summonings     | 1 2 3 4 |  4.2
Necromancy     | 1 2 3 4 |  4.2
Translocations | 1 2 3 4 |  4.2
Transmutations | 1 2 3 4 |  4.2
Fire Magic     | 1 2 3 4 |  4.2
Ice Magic      | 1 2 3 4 |  4.2
Air Magic      | 1 2 3 4 |  4.2
Earth Magic    | 1 2 3 4 |  4.2
Poison Magic   | 1 2 3 4 |  4.2
Invocations    | 1 3 4 5 |  5.6
Armour         | 5 6 |  6.9
Stealth        | 3 4 5 |  5.6
Evocations     | 7 8 |  8.4

Action                   |  1- 3 |  4- 6 |  7- 9 || total
-------------------------+-------+-------+-------++-------
Melee: Club              |     6 |       |       ||     6
       Bite              |     1 |       |     2 ||     3
       Scythe            |       |     3 |     4 ||     7
Evoke: Wand              |     9 |    13 |       ||    22
       Piece from Xom's  |       |     1 |     1 ||     2
  Use: Potion            |     1 |     1 |     1 ||     3
 Stab: Sleeping          |       |     2 |       ||     2
Armor: Robe              |       |     1 |       ||     1
Dodge: Dodged            |     4 |     6 |       ||    10
